Map: Imperio eterno EE

Players

HeroMarine

  • Race: Terran Terran
  • Spawn Location: 1:00

Special - Winner!

  • Race: Terran Terran
  • League: Master
  • Spawn Location: 7:00

VOD

Have the link to the VOD?

Description

Time

  • Played on: Jan. 14, 2020, 1:04 p.m.
  • Length: 14:08
Show
View Real Time Build Order
Export as new Build Order

HeroMarine Terran 

Build Orders: Gas First Reaper Expand 

Get SALT Encoding   

  12  0:00  SCV  
  13  0:12  SCV  
  14  0:17  Supply Depot  
  14  0:25  SCV  
  15  0:29  Refinery  
  15  0:39  SCV  
  16  0:44  Barracks  
  16  0:51  SCV  
  17  1:03  SCV  
  18  1:15  SCV  
  19  1:32  Orbital Command, Reaper  
  20  1:46  Command Center  
  20  1:57  SCV  
  21  2:01  Factory  
  21  2:05  Barracks Reactor  
  21  2:09  SCV  
  21  2:14  Supply Depot  
  22  2:21  SCV  
  23  2:23  Refinery  
  23  2:35  SCV  
  24  2:43  Marine  
  24  2:44  Marine  
  26  2:45  Hellion  
  26  2:47  SCV  
  28  2:51  Starport  
  28  2:58  Orbital Command  
  28  2:59  SCV  
  28  3:03  Marine  
  30  3:06  Marine  
  32  3:15  Factory Tech Lab  
  32  3:19  SCV  
  31  3:21  Marine  
  31  3:24  Marine, SCV  
  34  3:31  SCV  
  35  3:37  SCV  
  35  3:38  Supply Depot  
  35  3:39  Marine  
  35  3:40  Refinery, Factory Tech Lab  
  37  3:41  Marine  
  37  3:43  SCV  
  37  3:45  Raven  
  41  3:51  SCV  
  41  3:55  SCV  
  43  3:56  Marine  
  43  3:59  Marine  
  45  4:03  SCV  
  45  4:05  Supply Depot  
  45  4:06  Cyclone  
  45  4:07  SCV  
  50  4:15  SCV  
  50  4:16  Marine  
  52  4:17  Marine  
  52  4:19  SCV  
  54  4:24  Supply Depot  
  54  4:27  SCV  
  54  4:28  Raven  
  57  4:31  SCV  
  58  4:39  SCV  
  58  4:40  Siege Tank  
  62  4:45  SCV  
  62  4:47  Supply Depot  
  62  4:51  SCV  
  61  4:58  SCV  
  62  5:01  Command Center  
  62  5:03  SCV  
  65  5:10  SCV  
  65  5:12  Siege Tank  
  67  5:15  SCV  
  68  5:22  SCV  
  68  5:24  Viking x2  
  68  5:25  Engineering Bay x2  
  68  5:27  Refinery  
  68  5:28  SCV  
  74  5:29  Marine  
  75  5:35  Supply Depot, Stimpack  
  75  5:36  SCV  
  75  5:40  SCV  
  77  5:48  SCV  
  78  5:57  SCV, Viking x2, Siege Tank  
  86  6:10  Terran Infantry Weapons Level 1  
  86  6:12  Marine  
  86  6:13  SCV x2  
  86  6:14  Orbital Command  
  86  6:17  Barracks  
  87  6:18  Barracks  
  87  6:21  Terran Infantry Armor Level 1  
  87  6:25  SCV x2  
  89  6:27  Viking  
  89  6:30  Marine  
  92  6:35  Viking  
  92  6:37  SCV x2  
  96  6:40  Orbital Command  
  96  6:48  Marine  
  96  6:49  SCV x2  
  99  6:56  Supply Depot x2  
  99  6:57  Siege Tank  
  99  7:01  SCV x2  
  106  7:06  Marauder  
  108  7:10  SCV  
  108  7:11  Barracks Reactor x2  
  108  7:14  Barracks  
  109  7:15  Barracks  
  109  7:17  SCV x2, Combat Shield  
  109  7:22  SCV, Missile Turret x2  
  105  7:29  SCV x2  
  104  7:31  Siege Tank  
  104  7:32  Marauder  
  104  7:34  SCV  
  110  7:40  Medivac x2  
  110  7:41  SCV x2  
  115  7:45  Refinery x2  
  115  7:46  SCV  
  115  7:49  Supply Depot  
  115  7:50  Supply Depot  
  116  7:53  SCV  
  116  7:54  Marauder  
  119  8:04  SCV x2  
  119  8:05  SCV, Command Center  
  122  8:11  Marine x2  
  122  8:12  Marine x2, Barracks Tech Lab x2  
  126  8:15  Marauder  
  122  8:22  Medivac x2  
  122  8:23  Siege Tank  
  129  8:33  Concussive Shells, Marauder x2  
  129  8:34  Marine, Supply Depot x2  
  133  8:35  Marine  
  133  8:36  Marauder  
  137  8:45  Starport  
  137  8:46  Marine x2, Armory  
  139  8:52  Marine  
  139  8:54  Marauder  
  139  8:55  Marauder  
  143  8:57  Medivac x2  
  143  8:59  Marine, Marauder  
  146  9:03  Marine  
  146  9:04  Marine  
  148  9:13  Marine, Barracks  
  148  9:16  Barracks, Marauder x2  
  148  9:17  Marine, Barracks  
  153  9:19  SCV x2  
  153  9:20  Marauder  
  153  9:21  Marine  
  153  9:22  Marine, Missile Turret  
  160  9:25  Starport Reactor  
  160  9:26  SCV  
  161  9:31  SCV x2  
  161  9:36  Terran Ship Weapons Level 1, Terran Infantry Weapons Level 2  
  161  9:37  Marauder  
  171  9:41  SCV  
  172  9:46  Supply Depot, Unknown  
  172  9:47  Supply Depot  
  172  9:48  SCV x2  
  166  9:53  Viking x2  
  166  9:55  SCV  
  166  9:59  Planetary Fortress  
  167  10:03  Missile Turret  
  167  10:05  SCV x2, Missile Turret  
  170  10:07  SCV  
  170  10:09  Viking x2  
  170  10:13  Fusion Core  
  170  10:17  SCV x2  
  172  10:26  Marauder x2  
  172  10:27  Marine x3  
  179  10:32  Marauder  
  179  10:33  Marine, Liberator x2  
  179  10:34  Liberator  
  179  10:35  Liberator  
  171  10:45  Marine x3  
  171  10:47  Marauder x2  
  171  10:51  Marine  
  171  10:54  Marauder  
  176  11:03  Marine  
  177  11:08  Marauder  
  177  11:09  Marine x2, Marauder  
  172  11:15  Marauder  
  172  11:16  Liberator  
  168  11:21  Liberator  
  168  11:22  Marine x2, Liberator  
  168  11:24  Marine, Barracks Reactor, Barracks Tech Lab  
  159  11:26  Marine, Liberator  
  159  11:30  Marauder x2  
  162  11:33  Reaper  
  162  11:37  Marauder  
  162  11:38  Advanced Ballistics  
  161  11:40  Marine x2  
  168  11:47  Marauder  
  168  11:51  Marauder  
  170  11:55  Marine x2  
  170  11:57  Marauder  
  170  12:01  Marine, Marauder  
  175  12:04  Marine x3  
  175  12:05  Marine  
  181  12:08  Marauder  
  181  12:13  Liberator x3  
  181  12:15  Liberator  
  180  12:16  Marauder  
  180  12:18  Marauder  
  180  12:19  Supply Depot x2  
  170  12:22  Marauder  
  172  12:30  Marauder  
  167  12:37  SCV x2  
  167  12:38  SCV  
  167  12:40  Marine, Marauder  
  167  12:41  Marauder  
  171  12:44  Marauder  
  171  12:49  SCV  
  171  12:50  SCV x2  
  171  12:55  Marauder  
  163  13:07  Marine x4, Marauder  
  135  13:20  Marine x2  
  135  13:23  Marine  
  135  13:25  Marine  
  131  13:33  Marine x2, Marauder  
  134  13:38  Marine x2  
  134  13:39  Marine  
  127  13:44  Marauder  
  125  13:50  Marine x2  
Show
View Real Time Build Order
Export as new Build Order

Special Terran - Winner!

Build Orders: Gas First Reaper Expand, Mech, Banshee Rush 

Get SALT Encoding   

  12  0:01  SCV  
  13  0:13  SCV  
  14  0:18  Supply Depot  
  14  0:25  SCV  
  14  0:28  Refinery  
  15  0:39  SCV  
  16  0:45  Barracks  
  16  0:51  SCV  
  17  1:03  SCV  
  18  1:15  SCV  
  19  1:32  Orbital Command, Reaper  
  20  1:44  Command Center  
  20  1:54  Factory  
  20  1:58  SCV  
  21  2:04  Supply Depot  
  21  2:07  Reaper  
  22  2:11  SCV  
  23  2:16  Refinery  
  23  2:26  SCV  
  24  2:38  SCV, Hellion  
  24  2:42  Starport  
  27  2:46  Marine  
  27  2:50  SCV  
  29  3:00  Hellion  
  29  3:02  SCV, Orbital Command  
  29  3:05  Barracks Tech Lab  
  32  3:14  SCV  
  32  3:27  SCV  
  33  3:30  Cloaking Field, Banshee  
  33  3:31  SCV  
  33  3:33  Factory Tech Lab  
  37  3:35  Refinery  
  37  3:39  SCV  
  38  3:43  SCV  
  39  3:51  SCV  
  38  3:55  SCV  
  38  3:58  Cyclone  
  42  4:03  SCV  
  42  4:07  Supply Depot  
  42  4:08  SCV  
  42  4:09  Mag-Field Accelerator  
  44  4:16  Command Center  
  44  4:18  SCV  
  44  4:20  SCV  
  46  4:29  Banshee  
  46  4:30  SCV  
  46  4:31  Cyclone  
  53  4:32  SCV  
  54  4:44  Supply Depot  
  54  4:45  Refinery  
  54  4:56  SCV x2, Hyperflight Rotors  
  53  5:08  SCV x2, Factory, Supply Depot  
  53  5:11  Cyclone  
  58  5:20  SCV x2  
  60  5:24  Barracks Tech Lab  
  60  5:27  Banshee  
  64  5:29  Orbital Command  
  64  5:31  Supply Depot  
  64  5:32  SCV x2  
  64  5:35  Factory  
  65  5:44  SCV x2  
  65  5:47  Cyclone  
  70  5:52  Barracks Reactor  
  70  5:56  SCV x3  
  73  6:03  Cyclone  
  76  6:08  SCV x2  
  76  6:09  SCV  
  79  6:12  Supply Depot  
  79  6:13  Banshee  
  82  6:19  Cyclone  
  82  6:20  SCV x2  
  82  6:21  SCV  
  88  6:32  Refinery  
  88  6:33  SCV x3  
  88  6:34  Refinery  
  88  6:39  Supply Depot  
  93  6:40  Hellion x2, Siege Tank  
  93  6:44  Engineering Bay  
  93  6:45  SCV x2  
  93  6:46  SCV  
  101  6:58  SCV x2  
  101  7:00  SCV, Banshee, Siege Tank  
  108  7:02  Supply Depot  
  108  7:11  SCV, Supply Depot  
  108  7:12  Supply Depot x2  
  108  7:13  Supply Depot  
  109  7:16  SCV, Hellion x2, Siege Tank  
  117  7:24  SCV x2  
  117  7:25  Armory  
  117  7:27  Armory  
  117  7:28  SCV  
  120  7:31  Sensor Tower  
  120  7:33  Siege Tank  
  120  7:35  Supply Depot  
  120  7:36  SCV x2  
  125  7:39  Hellion x2  
  125  7:42  Factory x2  
  129  7:57  Siege Tank  
  132  8:05  Siege Tank  
  135  8:06  Command Center x2  
  135  8:10  Starport Reactor  
  135  8:22  Hellion x2  
  135  8:24  Terran Vehicle And Ship Armor Level 1, Terran Vehicle Weapons Level 1  
  139  8:28  Factory Tech Lab  
  139  8:29  Factory Reactor  
  139  8:30  Siege Tank  
  142  8:37  Siege Tank  
  142  8:38  Supply Depot  
  142  8:41  Supply Depot, Missile Turret  
  145  8:43  Hellion x2  
  145  8:55  Siege Tank  
  145  9:02  Siege Tank  
  148  9:03  Viking x2  
  148  9:04  Hellion x2  
  148  9:07  Hellion  
  148  9:08  Hellion, Infernal Pre-Igniter  
  160  9:18  Siege Tank  
  160  9:21  Refinery, Planetary Fortress  
  160  9:24  Refinery  
  163  9:25  Missile Turret  
  163  9:26  Hellion x2  
  165  9:36  Hellion x2  
  169  9:39  Siege Tank  
  169  9:42  Sensor Tower  
  169  9:43  Siege Tank  
  175  9:47  Hellion x2  
  175  9:50  Planetary Fortress  
  176  10:03  Hellion x2  
  183  10:07  Siege Tank  
  183  10:08  Factory  
  183  10:09  Factory, Hellion x2  
  187  10:15  Siege Tank  
  184  10:32  Thor  
  184  10:33  Hellion  
  192  10:38  Thor  
  192  10:41  Terran Vehicle Weapons Level 2  
  191  10:55  Hellion x2  
  184  10:57  Viking x2  
  184  11:02  Factory Tech Lab x2  
  175  11:12  Hellion  
  175  11:13  Hellion x2  
  175  11:15  Thor  
  175  11:17  Hellion  
  184  11:21  Thor  
  184  11:27  Hellion x2  
  188  11:35  Terran Vehicle And Ship Armor Level 2  
  188  11:37  Siege Tank x2  
  188  11:38  Hellion x2  
  188  11:39  Hellion  
  200  11:52  Hellion  
  199  12:00  Smart Servos  
  196  12:10  Command Center  
  196  12:11  Unknown  
  196  12:12  Viking, Command Center  
  196  12:13  Viking  
  186  12:29  Thor x2  
  196  12:34  Hellion  
  196  12:41  Hellion  
  194  12:47  Command Center  
  194  12:48  Thor x2  
  194  13:00  Thor  
  196  13:11  Hellion x2  
  196  13:12  Thor x2  
  163  13:21  Hellion  
  149  13:30  Viking x2  
  149  13:34  Hellion  
  160  13:38  Hellion  
  141  13:45  Hellion  
  141  13:46  Hellion  
Tags
 
Add a new tag
Caveats
  • Supply blocks, unpowered buildings, or Contaminate may cause inaccurate times.
  • Supply counts are checked every 10 seconds.